 Dungeon Crawl Stone Soup version 0.27.1-33-g824d729ab1 (webtiles) character file.

Game seed: 12623481034291867208

18 bpung the Shield-Bearer (level 2, 0/19 HPs)
             Began as a Gargoyle Fighter on Dec 1, 2021.
             Frozen to death by an endoplasm (3 damage)
             ... on level 1 of the Dungeon.
             The game lasted 00:00:32 (254 turns).

bpung the Shield-Bearer (Gargoyle Fighter)           Turns: 254, Time: 00:00:33

Health: 0/19       AC:  9    Str: 19    XL:     2   Next: 66%
Magic:  2/2        EV:  7    Int:  8    God:
Gold:   0          SH:  9    Dex:  9    Spells: 1/1 levels left

rFire    . . .     SeeInvis .   a - +0 flail
rCold    . . .     Faith    .   c - +0 kite shield
rNeg     + . .     Spirit   .   b - +0 scale mail
rPois    ∞         Reflect  .   (no helmet)
rElec    +         Harm     .   (no cloak)
rCorr    .         Rampage  .   (no gloves)
Will     .....                  (no boots)
Stlth    ..........             (no amulet)
HPRegen  0.06/turn              (no ring)
MPRegen  0.08/turn              (no ring)

@: no status effects
A: sickness immunity, AC +2, negative energy resistance 1, electricity
resistance, torment resistance 1, petrification resistance
a: no special abilities


You were on level 1 of the Dungeon.
You visited 1 branch of the dungeon, and saw 1 of its levels.

Inventory:

Hand Weapons
 a - a +0 flail (weapon)
Armour
 b - a +0 scale mail (worn)
 c - a +0 kite shield (worn)
Scrolls
 e - a scroll of immolation {unknown}
 g - a scroll of holy word {unknown}
 h - 3 scrolls of noise {unknown}
Potions
 d - a potion of might
 f - a potion of attraction {unknown}


   Skills:
 + Level 3.5 Fighting
 + Level 2.3 Maces & Flails
 + Level 3.5 Armour
 + Level 3.5 Shields


You had one spell level left.
You didn't know any spells.
Your spell library was empty.

Dungeon Overview and Level Annotations

Branches:
Dungeon (1/15)

Altars:


Innate Abilities, Weirdness & Mutations

You are immune to sickness and miasma.
Your stone body is resilient. (AC +2)
You are immune to poison.
You resist negative energy. (rN+)
You are resistant to electric shocks. (rElec)
You are resistant to unholy torment.
You are immune to petrification.


Message History

You barely miss the gnoll. You block the gnoll's attack.
The gnoll hits you but does no damage.
You hit the gnoll.
The gnoll is heavily wounded.
The gnoll completely misses you.
An endoplasm comes into view.
You block the gnoll's attack.
You barely miss the gnoll.
The gnoll is heavily wounded.
The endoplasm quivers.
The gnoll closely misses you.
You hit the gnoll but do no damage.
The gnoll is heavily wounded.
The gnoll hits you but does no damage. The gnoll barely misses you.
You hit the gnoll.
The gnoll is severely wounded.
The gnoll hits you with a +0 spear.
You closely miss the gnoll.
The gnoll is severely wounded.
The gnoll hits you with a +0 spear.
* * * LOW HITPOINT WARNING * * *
The gnoll barely misses you.
You sock the gnoll!
You kill the gnoll!
The endoplasm freezes you.
You are frozen.
* * * LOW HITPOINT WARNING * * *
You block the endoplasm's attack.
A quokka comes into view.
You see here a +0 spear.
You block the endoplasm's attack.
Things that are here:
a +0 short sword; a kobold skeleton You barely miss the endoplasm.
The endoplasm hits you but does no damage.
You hit the endoplasm.
The endoplasm is almost dead.
The endoplasm freezes you.
You are frozen.
You die...

##### ######.<.#####
##.............
###...............
#.+.............). ########
#.#..........^.... #......#
##.###............. #.####.#
#.@# ###.........##
#.####.#### #J## ###.....###
####......# #r# ###.........#
#......#####.####.............
#.............#.......≈≈≈[....
#...........).'.....≈≈≈≈≈≈≈...
#...)#######..#....≈≈≈≈≈≈≈≈≈..
###†.# #..################
#..# #..........#..r..#


You could see an endoplasm and a quokka.

Vanquished Creatures
  A gnoll (D:1)
  A bat (D:1)
  An endoplasm (D:1)
  2 goblins (D:1)
  A hobgoblin (D:1)
  A kobold (D:1)
  A rat (D:1)
8 creatures vanquished.

Notes
Turn   | Place    | Note
-------+----------+-------------------------------------------
     0 | D:1      | bpung the Gargoyle Fighter began the quest for the Orb.
     0 | D:1      | Reached XP level 1. HP: 14/14 MP: 1/1
   113 | D:1      | Reached XP level 2. HP: 13/19 MP: 2/2
   254 | D:1      | Frozen to death by an endoplasm

Illustrated notes

Levels and vault maps discovered:
D:1:      nzn_arrival_depleted_hourglass, layout_basic,
          dreamdust_ecumenical_altar_hidden_monk_grotto, st_stairs_6

Action                   || total
-------------------------++-------
Melee: Flail             ||    34
Armor: Scale mail        ||    20
Dodge: Dodged            ||     9
Block: Kite shield       ||    20
